 Dungeon Crawl Stone Soup version 0.17-a0-1181-gabc46e6 (webtiles) character file.

1295 Herrn the Shield-Bearer (level 8, 0/63 HPs)
             Began as a Vine Stalker Fighter on June 1, 2015.
             Was an Initiate of Okawaru.
             Succumbed to a water moccasin's poison
             ... on level 6 of the Dungeon.
             The game lasted 00:10:13 (4288 turns).

Herrn the Shield-Bearer (Vine Stalker Fighter)      Turns: 4288, Time: 00:10:13

Health: 0/63       AC: 11    Str: 25    XL:     8   Next: 56%
Magic:  9/9        EV:  8    Int:  8    God:    Okawaru [......]
Gold:   277        SH: 11    Dex: 20    Spells: 0 memorised, 7 levels left

rFire  . . .     SeeInvis .     a - +0 war axe
rCold  + . .     Clarity  .     t - +0 chain mail (curse)
rNeg   . . .     SustAt   .     c - +0 shield
rPois  .         Gourm    .     (no helmet)
rElec  .         Spirit   +     (no cloak)
rCorr  .         Warding  .     (no gloves)
rMut   .         Stasis   .     A - +0 pair of boots
MR     +....                    (no amulet)
Stlth  ..........               y - +1 ring of protection
                                f - +3 ring of dexterity

@: berserking (expiring), lethally poisoned (0 -> -1), very slightly
contaminated, hasted, very quick, somewhat resistant to hostile enchantments,
extremely unstealthy
A: fangs 3, thin skeletal structure 1, camouflage 1, cold resistance 1,
regeneration 2, magic shield, antimagic bite, no device heal 3, rot immunity
a: Renounce Religion


You were on level 6 of the Dungeon.
You worshipped Okawaru.
Okawaru was noncommittal.
You were not hungry.

You visited 2 branches of the dungeon, and saw 7 of its levels.

You collected 277 gold pieces.

Inventory:

Hand weapons
 a - a +0 war axe (weapon)
Armour
 b - a +0 scale mail
 c - a +0 shield (worn)
 t - a cursed +0 chain mail (worn)
 A - a +0 pair of boots (worn)
Jewellery
 f - a +3 ring of dexterity (left hand)
 y - a +1 ring of protection (right hand)
Magical devices
 o - a wand of digging (6)
Scrolls
 d - 2 scrolls of remove curse {unknown}
 g - a scroll of enchant armour {unknown}
 j - 2 scrolls of identify
 l - a scroll of fear {unknown}
 m - a scroll of magic mapping {unknown}
 p - 3 scrolls of blinking {unknown}
 r - a scroll of random uselessness {unknown}
 s - a scroll of fog {unknown}
Potions
 i - a potion of agility
 n - a potion of flight
Comestibles
 e - 5 bread rations
 k - 2 meat rations
 q - a royal jelly
 v - 3 fruits
 x - 3 chunks of flesh


   Skills:
 + Level 4.0 Fighting
 + Level 4.5 Axes
 + Level 4.4 Armour
 + Level 3.1 Dodging
 + Level 2.0 Stealth
 + Level 5.5 Shields
 + Level 0.1 Evocations


You had 7 spell levels left.
You didn't know any spells.

Dungeon Overview and Level Annotations

Branches:
Dungeon (6/15)             Temple (1/1) D:5

Altars:
Ashenzari
Cheibriados
Dithmenos
Elyvilon
Gozag
Kikubaaqudgha
Makhleb
Nemelex Xobeh
Okawaru
Qazlal
Ru
Trog
Vehumet
Xom
Yredelemnul
The Shining One

Shops:
D:6 :


Innate Abilities, Weirdness & Mutations

You have razor-sharp teeth.
You heal very quickly.
When hurt, damage is shared between your health and your magic reserves.
Your bite disrupts and absorbs the magic of your enemies.
Potions and wands cannot restore your health.
You are immune to rotting.
You have a somewhat thin skeletal structure (Dex +2, Stealth).
Your skin changes colour to match your surroundings (Stealth).
Your flesh is cold resistant.


Message History

Your skin functions as natural camouflage.
Your bones become slightly less dense.
* * * LOW HITPOINT WARNING * * *
You feel sick.
Drink which item? (? for menu, Esc to quit)
It was a potion of haste.
You feel yourself speed up.
* * * LOW HITPOINT WARNING * * *
You feel sick.
You are very lightly contaminated with residual magic.
Drink which item? (? for menu, Esc to quit)
It was a potion of magic.
Magic courses through your body.
Drink which item? (? for menu, Esc to quit)
It was a potion of berserk rage.
A red film seems to cover your vision as you go berserk!
You feel yourself moving faster!
You feel mighty!
* * * LOW HITPOINT WARNING * * *
You feel sick.
Unknown command.
You feel a strong urge to attack something.
You die...

#### ...% # .∩.. .(
#..# #.
##...########### #.
##..[...........# ##.
........).[#.##.# #<.
##....†@.....##.# #..
##....##.....#.# #..
####. #..#..#.## #..
..##........#####..
................†...
.....................
....####.#####........
..... #.. ....###.#..
#. ##### #.#..


There were no monsters in sight!

Vanquished Creatures
  A yak (D:4)
  The ghost of ragan the Chopper, an average HOBe of Trog (D:4)
  A water moccasin (D:6)
  An eye of draining (D:3)
  A giant frog (D:6)
  2 scorpions
  A crimson imp (D:5)
  A hound (D:4)
  3 orc priests (D:6)
  8 worker ants
  3 orc wizards
  5 adders
  A gnoll (D:1)
  2 oozes (D:2)
  An adder skeleton (D:3)
  3 worms
  5 giant geckos
  9 orcs
  2 ball pythons
  16 bats
  A bat zombie (D:5)
  12 goblins
  12 hobgoblins
  4 jackals (D:5)
  3 quokkas
  5 giant cockroaches
  A giant cockroach zombie (D:4)
  6 giant newts
  14 kobolds
  9 rats
134 creatures vanquished.

Notes
Turn   | Place    | Note
--------------------------------------------------------------
     0 | D:1      | Herrn the Vine Stalker Fighter began the quest for the Orb.
     0 | D:1      | Reached XP level 1. HP: 11/11 MP: 2/2
   225 | D:1      | Reached XP level 2. HP: 16/16 MP: 3/3
   367 | D:1      | Reached skill level 3 in Shields
   605 | D:1      | Reached XP level 3. HP: 19/19 MP: 4/4
  1118 | D:2      | Reached XP level 4. HP: 23/23 MP: 5/5
  1229 | D:2      | Found a glowing golden altar of the Shining One.
  1474 | D:3      | Reached skill level 1 in Dodging
  1547 | D:3      | Found a burning altar of Makhleb.
  1729 | D:3      | Reached XP level 5. HP: 28/28 MP: 6/6
  2175 | D:3      | Found a bloodstained altar of Trog.
  2175 | D:3      | Noticed an eye of draining
  2202 | D:3      | Killed an eye of draining
  2202 | D:3      | Reached skill level 4 in Shields
  2202 | D:3      | Gained mutation: You heal very quickly. [Vine Stalker growth]
  2202 | D:3      | Reached XP level 6. HP: 32/32 MP: 1/7
  2244 | D:4      | Noticed ragan's ghost (average HOBe)
  2255 | D:4      | Killed ragan's ghost
  2255 | D:4      | Reached skill level 1 in Stealth
  2389 | D:4      | Reached XP level 7. HP: 36/36 MP: 8/8
  2628 | D:4      | Noticed a yak
  2946 | D:5      | Entered Level 5 of the Dungeon
  3000 | D:5      | Found a radiant altar of Vehumet.
  3773 | D:4      | Killed a yak
  3773 | D:4      | Gained mutation: You have razor-sharp teeth. [Vine Stalker growth]
  3773 | D:4      | Reached XP level 8. HP: 30/42 MP: 9/9
  3875 | D:6      | Reached skill level 5 in Shields
  4038 | D:5      | Found a staircase to the Ecumenical Temple.
  4048 | Temple   | Entered the Ecumenical Temple
  4101 | Temple   | Became a worshipper of Warmaster Okawaru
  4256 | D:6      | Found Gifiuv's Book Shoppe.
  4281 | D:6      | HP: 2/42 [poisoned by a water moccasin]
  4283 | D:6      | Gained mutation: Your flesh is cold resistant. [potion of mutation]
  4283 | D:6      | Gained mutation: Your skin changes colour to match your surroundings (Stealth). [potion of mutation]
  4283 | D:6      | Gained mutation: You have a somewhat thin skeletal structure (Dex +2, Stealth). [potion of mutation]
  4286 | D:6      | HP: 1/63 [poisoned by a water moccasin]
  4288 | D:6      | Succumbed to a water moccasin's poison

Vault maps used:
D:1:      dpeg_arrival_central
D:2:      lemuel_crystal_altar
D:3:      lemuel_doored_altar, trog_eyes_of_draining
D:4:      first_bread, lightli_corner_chamber
D:5:      vehumet_crystals, minmay_temple_entry_from_below_b
D:6:      lemuel_insect_pit, serial_shops, shop, hangedman_feature_mirror
Temple:   water_room_temple_b_12

Action                   |  1- 3 |  4- 6 |  7- 9 || total
-------------------------+-------+-------+-------++-------
Melee: War axe           |   122 |   132 |   205 ||   459
Evoke: Wand              |       |       |     2 ||     2
  Use: Potion            |       |     1 |     5 ||     6
       Scroll            |       |       |     2 ||     2
  Eat: Chunk             |       |     5 |     6 ||    11
       Fruit             |       |       |     1 ||     1
